[Event "Chesscup Blitz 2020"]
[Site "Katowice"]
[Date "2020.09.12"]
[Round "6.9"]
[White "Majek, Kacper"]
[Black "Jarmula, Lukasz"]
[Result "0-1"]
[ECO "C54"]
[WhiteElo "2057"]
[BlackElo "2244"]
[Annotator "ChessBase"]
[PlyCount "59"]
[EventDate "2020.09.12"]
[EventType "swiss"]
[EventCountry "POL"]
[SourceTitle "playchess.com"]
[Source "ChessBase"]
[SourceQuality "1"]
[TimeControl "180+2"]

1. e4 e5 2. Bc4 Nc6 3. Nf3 Bc5 4. c3 Nf6 5. d4 exd4 6. cxd4 Bb4+ 7. Nc3 Nxe4 8. O-O Bxc3 9. d5 Bf6 10. Re1 Ne7 11. Rxe4 d6 12. Bg5 Bxg5 13. Nxg5 h6 14. Qh5 O-O 15. Nf3 Ng6 16. Rae1 Bd7 17. Bd3 Qf6 18. g3 Bf5 19. R4e3 Bxd3 20. Rxd3 Qxb2 21. Rb3 Qxa2 22. Rxb7 Qc4 23. Qf5 a5 24. h4 Rfe8 25. h5 Rxe1+ 26. Nxe1 Ne5 27. Qf4 Qxd5 28. Rxc7 a4 29. Rc1 a3 30. Ra1 0-1

[Event "Chesscup Blitz 2020"]
[Site "Katowice"]
[Date "2020.09.12"]
[Round "6.10"]
[White "Kos, Pawel"]
[Black "Grochol, Kamil"]
[Result "0-1"]
[ECO "A06"]
[WhiteElo "2234"]
[BlackElo "1945"]
[Annotator "ChessBase"]
[PlyCount "47"]
[EventDate "2020.09.12"]
[EventType "swiss"]
[EventCountry "POL"]
[SourceTitle "playchess.com"]
[Source "ChessBase"]
[SourceQuality "1"]
[TimeControl "180+2"]

1. Nf3 d5 2. g3 Nf6 3. Bg2 e6 4. O-O Be7 5. d3 O-O 6. Nbd2 c5 7. e4 Nc6 8. e5 Nd7 9. Re1 b5 10. c4 bxc4 11. dxc4 Nb6 12. cxd5 Nxd5 13. a3 Rb8 14. Ne4 h6 15. h4 Bb7 16. Qc2 Qb6 17. Bd2 Ba6 18. Rab1 Rfc8 19. b3 Nd4 20. Nxd4 cxd4 21. Qd1 Nc3 22. Qg4 Kf8 23. Rb2 Bxa3 24. Rc2 0-1

[Event "Chesscup Blitz 2020"]
[Site "Katowice"]
[Date "2020.09.12"]
[Round "8.10"]
[White "Tsatsalashvili, Keti"]
[Black "Zima, Teofil"]
[Result "1-0"]
[ECO "A48"]
[WhiteElo "2246"]
[BlackElo "1897"]
[Annotator "ChessBase"]
[PlyCount "46"]
[EventDate "2020.09.12"]
[EventType "swiss"]
[EventCountry "POL"]
[SourceTitle "playchess.com"]
[Source "ChessBase"]
[SourceQuality "1"]
[TimeControl "180+2"]

1. d4 Nf6 2. Nf3 g6 3. c4 Bg7 4. Nc3 d6 5. e4 O-O 6. h3 Nbd7 7. Be2 e5 8. Be3 exd4 9. Nxd4 Re8 10. f3 c6 11. Nc2 d5 12. cxd5 cxd5 13. exd5 Nb6 14. d6 Bf5 15. Bf2 Nc4 16. O-O Nxb2 17. Qd2 Qa5 18. Nd4 Na4 19. Ne4 Qxd2 20. Nxd2 Bd7 21. Bb5 Nc3 22. Bxd7 Nxd7 23. N2b3 Ne2+ 1-0

[Event "Chesscup Blitz 2020"]
[Site "Katowice"]
[Date "2020.09.12"]
[Round "9.8"]
[White "Jakubowska, Anna"]
[Black "Tsatsalashvili, Keti"]
[Result "1-0"]
[ECO "B25"]
[WhiteElo "2051"]
[BlackElo "2246"]
[Annotator "ChessBase"]
[PlyCount "55"]
[EventDate "2020.09.12"]
[EventType "swiss"]
[EventCountry "POL"]
[SourceTitle "playchess.com"]
[Source "ChessBase"]
[SourceQuality "1"]
[TimeControl "180+2"]

1. e4 c5 2. Nc3 d6 3. g3 Nc6 4. Bg2 g6 5. d3 Bg7 6. Nh3 e5 7. O-O Nge7 8. f4 O-O 9. f5 gxf5 10. exf5 Bxf5 11. Rxf5 Nxf5 12. Be4 Ncd4 13. Qh5 Qf6 14. Nd5 Qe6 15. c3 h6 16. cxd4 Nxd4 17. Nc7 Qd7 18. Nxa8 Rxa8 19. Bxh6 f5 20. Bd5+ Kf8 21. Ng5 Bxh6 22. Qxh6+ Ke7 23. Qg7+ Kd8 24. Qf8+ Kc7 25. Qxa8 Kb6 26. Qxb7+ Qxb7 27. Bxb7 Kxb7 28. h4 1-0

[Event "Chesscup Blitz 2020"]
[Site "Katowice"]
[Date "2020.09.12"]
[Round "9.9"]
[White "Jarmula, Lukasz"]
[Black "Wilk, Igor"]
[Result "1-0"]
[ECO "A19"]
[WhiteElo "2244"]
[BlackElo "1744"]
[Annotator "ChessBase"]
[PlyCount "65"]
[EventDate "2020.09.12"]
[EventType "swiss"]
[EventCountry "POL"]
[SourceTitle "playchess.com"]
[Source "ChessBase"]
[SourceQuality "1"]
[TimeControl "180+2"]

1. c4 Nf6 2. Nc3 e6 3. e4 c5 4. e5 Ng8 5. Nf3 Nc6 6. d4 cxd4 7. Nxd4 Nxe5 8. Ndb5 f6 9. Be3 a6 10. Nd6+ Bxd6 11. Qxd6 Ne7 12. Bb6 Nf5 13. Qc5 Qe7 14. Qxe7+ Kxe7 15. f4 Nc6 16. O-O-O d5 17. cxd5 exd5 18. Nxd5+ Kf7 19. Nc7 Rb8 20. Bc4+ Kg6 21. g4 Nfe7 22. f5+ Kh6 23. Rd6 Ne5 24. Be2 Rf8 25. Be3+ g5 26. h4 Kg7 27. hxg5 fxg5 28. Bd4 N7c6 29. Rxc6 bxc6 30. Bxe5+ Kg8 31. Bc4+ Rf7 32. Bxf7+ Kxf7 33. Rxh7+ 1-0

[Event "Chesscup Blitz 2020"]
[Site "Katowice"]
[Date "2020.09.12"]
[Round "10.10"]
[White "Tsatsalashvili, Keti"]
[Black "Flak, Pawel"]
[Result "0-1"]
[ECO "A40"]
[WhiteElo "2246"]
[BlackElo "2157"]
[Annotator "ChessBase"]
[PlyCount "142"]
[EventDate "2020.09.12"]
[EventType "swiss"]
[EventCountry "POL"]
[SourceTitle "playchess.com"]
[Source "ChessBase"]
[SourceQuality "1"]
[TimeControl "180+2"]

1. d4 b6 2. c4 Bb7 3. Nc3 Nf6 4. Nf3 e6 5. a3 Be7 6. Qc2 d5 7. cxd5 Nxd5 8. e4 Nxc3 9. bxc3 O-O 10. Bd3 c5 11. O-O cxd4 12. cxd4 Nc6 13. Bb2 Rc8 14. Qe2 Na5 15. Rad1 Qd7 16. d5 Qa4 17. Bb5 Qc2 18. Rd2 Qc5 19. dxe6 fxe6 20. Bd7 Rcd8 21. Bxe6+ Kh8 22. Rxd8 Bxd8 23. Ne5 Qe7 24. Qg4 Bxe4 25. Nf7+ Rxf7 26. Bxf7 Qxf7 27. Qxe4 h6 28. Qa8 Qd7 29. h3 Kh7 30. Qe4+ Kg8 31. Qf3 Be7 32. Rd1 Qe6 33. Qc3 Qf7 34. Rd7 Kf8 35. Qc8+ Qe8 36. Qxe8+ Kxe8 37. Rxa7 Nc6 38. Ra8+ Kf7 39. Rc8 Na5 40. Rb8 Nc4 41. Bc1 Ke6 42. a4 Bf6 43. Rb7 Kd5 44. Be3 Kc6 45. Rb8 Be5 46. Kf1 Bxb8 47. Ke2 Bd6 48. Bd4 g6 49. g4 Kd5 50. Bg7 h5 51. gxh5 gxh5 52. Bc3 Be5 53. Bb4 Bd6 54. Bc3 Be5 55. Bb4 Bd4 56. f3 Bc5 57. Bc3 Bd4 58. Bb4 Be5 59. Kd3 Bf4 60. Ke2 Bh6 61. Bc3 Kc5 62. Be1 Nb2 63. a5 b5 64. Bf2+ Kc6 65. a6 Nc4 66. Kd3 Bf8 67. f4 Bd6 68. f5 Bc7 69. f6 Bb6 70. Bxb6 Kxb6 71. f7 Ne5+ 0-1

[Event "Chesscup Blitz 2020"]
[Site "Katowice"]
[Date "2020.09.12"]
[Round "11.9"]
[White "Walter, Szymon"]
[Black "Goraj, Barbara"]
[Result "1-0"]
[ECO "B23"]
[WhiteElo "2227"]
[BlackElo "2078"]
[Annotator "ChessBase"]
[PlyCount "105"]
[EventDate "2020.09.12"]
[EventType "swiss"]
[EventCountry "POL"]
[SourceTitle "playchess.com"]
[Source "ChessBase"]
[SourceQuality "1"]
[TimeControl "180+2"]

1. e4 c5 2. Nc3 Nc6 3. f4 g6 4. Nf3 Bg7 5. Bb5 Nd4 6. O-O a6 7. Bc4 e6 8. d3 Ne7 9. Nxd4 cxd4 10. Ne2 O-O 11. Qe1 d5 12. Bb3 dxe4 13. dxe4 d3 14. cxd3 Qxd3 15. Nc3 b5 16. Be3 Qd6 17. Rd1 Qc6 18. Bd4 Bxd4+ 19. Rxd4 Qc5 20. Qf2 Nc6 21. Rd2 Qxf2+ 22. Kxf2 Na5 23. Ke3 Bb7 24. Rfd1 Rac8 25. Rd7 Bc6 26. R7d6 Bb7 27. Ne2 Rc7 28. Nd4 Nxb3 29. axb3 Rfc8 30. Nf3 a5 31. Ne5 Kg7 32. g4 Rc2 33. R6d2 a4 34. Rxc2 Rxc2 35. Rd7 Bc8 36. Rxf7+ Kg8 37. bxa4 bxa4 38. Ra7 Rxb2 39. Ra8 Rc2 40. Rxa4 Kg7 41. Ra7+ Kg8 42. h4 Rc3+ 43. Kd4 Rc1 44. g5 Rc2 45. Ng4 Rd2+ 46. Ke5 Rc2 47. Nf6+ Kf8 48. Nxh7+ Ke8 49. Nf6+ Kd8 50. h5 gxh5 51. g6 Rg2 52. g7 h4 53. g8=Q+ 1-0

[Event "Chesscup Blitz 2020"]
[Site "Katowice"]
[Date "2020.09.12"]
[Round "11.10"]
[White "Posluszny, Tomasz"]
[Black "Faron, Rafal"]
[Result "0-1"]
[ECO "D20"]
[WhiteElo "2065"]
[BlackElo "2224"]
[Annotator "NA"]
[PlyCount "51"]
[EventDate "2020.09.12"]
[EventType "swiss"]
[EventCountry "POL"]
[SourceTitle "playchess.com"]
[Source "ChessBase"]
[SourceQuality "1"]
[TimeControl "180+2"]

1. d4 d5 2. c4 dxc4 3. e4 Nc6 4. Nf3 Bg4 5. d5 Ne5 6. Bxc4 Nxc4 7. Qa4+ c6 8. Qxc4 cxd5 9. Qxd5 Qxd5 10. exd5 Bxf3 11. gxf3 Nf6 12. Nc3 Rd8 13. Be3 Nxd5 14. Nxd5 Rxd5 15. Bxa7 e6 16. Ke2 Bc5 17. Bxc5 Rxc5 18. Rac1 Rxc1 19. Rxc1 Kd7 20. Rd1+ Ke7 21. Rd4 Rc8 22. Rb4 Rc7 23. Kd3 g6 24. a4 h5 25. Kd4 Kf6 26. Rb5 0-1

[Event "Chesscup Blitz 2020"]
[Site "Katowice"]
[Date "2020.09.12"]
[Round "13.10"]
[White "Kot, Jerzy"]
[Black "Tsatsalashvili, Keti"]
[Result "0-1"]
[ECO "A00"]
[WhiteElo "1924"]
[BlackElo "2246"]
[Annotator "ChessBase"]
[PlyCount "64"]
[EventDate "2020.09.12"]
[EventType "swiss"]
[EventCountry "POL"]
[SourceTitle "playchess.com"]
[Source "ChessBase"]
[SourceQuality "1"]
[TimeControl "180+2"]

1. g3 Nf6 2. Bg2 d5 3. Nf3 c5 4. O-O Nc6 5. c4 d4 6. e3 g6 7. exd4 cxd4 8. d3 Bg7 9. b4 Nxb4 10. Qa4+ Nc6 11. Ne5 O-O 12. Nxc6 bxc6 13. Qxc6 Rb8 14. Nd2 Bf5 15. Ne4 Rb6 16. Qa4 Bxe4 17. dxe4 e5 18. Ba3 Re8 19. Qxa7 Rc6 20. Rfc1 Qa8 21. Bc5 Qxa7 22. Bxa7 Ra8 23. f4 Rxa7 24. fxe5 Ng4 25. e6 fxe6 26. e5 Rc5 27. a4 Nxe5 28. Re1 Rxc4 29. Bh3 Kf7 30. a5 Nf3+ 31. Kf2 Nxe1 32. Rxe1 e5 0-1